 Dungeon Crawl Stone Soup version 0.30.0-12-gd5a94ecb5d (webtiles) character file.

Game seed: 1385216008032865088

109 Leibowitz the Cutter (level 5, 0/32 HPs)
             Began as a Kobold Gladiator on May 17, 2023.
             Succumbed to a scorpion's poison
             ... on level 4 of the Dungeon.
             The game lasted 00:07:34 (2473 turns).

Leibowitz the Cutter (Kobold Gladiator)             Turns: 2473, Time: 00:07:35

Health: 0/32       AC:  4    Str: 11    XL:     5   Next: 13%
Magic:  5/5        EV: 16    Int:  9    God:
Gold:   130        SH:  0    Dex: 19    Spells: 4/4 levels left

rFire   . . .        a - +0 rapier
rCold   . . .        (no shield)
rNeg    . . .        b - +1 leather armour
rPois   .            (helmet restricted)
rElec   .            (no cloak)
rCorr   .            (no gloves)
SInv    .            (no boots)
Will    .....        (no amulet)
Stlth   +++          (no ring)
HPRegen 0.25/turn    (no ring)
MPRegen 0.09/turn

%: no passive effects
@: lethally poisoned (0 -> -14), flying
A: small, no large weapons, nightstalker 3, horns 1
a: no special abilities


You were on level 4 of the Dungeon.
You visited 1 branch of the dungeon, and saw 4 of its levels.

You collected 130 gold pieces.

Inventory:

Hand Weapons
 a - a +0 rapier (weapon)
 j - a +0 dagger of electrocution
Missiles
 d - 3 throwing nets (quivered)
 e - 2 boomerangs
 g - 6 poisoned darts
Armour
 b - a +1 leather armour (worn)
Scrolls
 h - a scroll of teleportation
 i - a scroll of fog


   Skills:
 * Level 2.8 Fighting
 * Level 5.5 Short Blades
 - Level 2.1 Throwing
 + Level 0.6 Armour
 * Level 4.1 Dodging
 * Level 2.9 Stealth


You had 4 spell levels left.
You didn't know any spells.
Your spell library was empty.

Dungeon Overview and Level Annotations

Branches:
Dungeon (4/15)
 Temple: D:4-7

Altars:
Elyvilon
Kikubaaqudgha
Qazlal
The Shining One

Shops:
D:1 *

Annotations:
D:2 Sigmund


Innate Abilities, Weirdness & Mutations

You are small and have problems with some larger weapons.
You are completely attuned to the shadows.
You have a pair of small horns on your head.


Message History

You kill the adder!
A scorpion comes into view.
Found 6 gold pieces.
You hit the scorpion. You headbutt the scorpion.
The scorpion is moderately wounded.
The scorpion stings you.
You hit the scorpion but do no damage. Your headbutt misses the scorpion.
The scorpion is moderately wounded.
The scorpion closely misses you.
You barely miss the scorpion. Your headbutt misses the scorpion.
Your punch misses the scorpion.
The scorpion is moderately wounded.
The scorpion stings you but does no damage.
You hit the scorpion.
The scorpion is heavily wounded.
The scorpion stings you.
You are poisoned.
The scorpion poisons you!
You completely miss the scorpion.
The scorpion is heavily wounded.
You feel very sick.
The scorpion stings you but does no damage.
You hit the scorpion but do no damage.
The scorpion is heavily wounded.
You feel sick. The scorpion stings you.
You barely miss the scorpion.
The scorpion is heavily wounded.
You feel sick. The scorpion stings you.
* * * LOW HITPOINT WARNING * * *
You are lethally poisoned!
The scorpion poisons you!
You hit the scorpion but do no damage.
The scorpion is heavily wounded.
* * * LOW HITPOINT WARNING * * *
You feel very sick. The scorpion stings you.
* * * LOW HITPOINT WARNING * * *
You feel very buoyant.
You fly up into the air.
You die...

###### #.# #.# #_..._
#### #.# #.# #≈#'#≈
..# #.# #.# ###.##
#$###.###.####..##
#.##.........†....
####.....#####.######
...s@....# #.#
##############.####
.############........
..............##>####
....<............#
##################


You could see a scorpion.

Vanquished Creatures
  4 adders
  2 worms (D:2)
  2 dart slugs (D:2)
  3 orcs (D:3)
  4 endoplasms
  6 giant cockroaches
  10 goblins
  5 hobgoblins
  3 kobolds (D:1)
  A quokka (D:1)
  6 ball pythons
  3 bats
  4 frilled lizards
  5 rats
58 creatures vanquished.

Notes
Turn   | Place    | Note
-------+----------+-------------------------------------------
     0 | D:1      | Leibowitz the Kobold Gladiator began the quest for the Orb.
     0 | D:1      | Reached XP level 1. HP: 12/12 MP: 1/1
    55 | D:1      | Found a faded altar of an unknown god.
    98 | D:1      | Reached XP level 2. HP: 17/17 MP: 2/2
   105 | D:1      | Found Dummuazu's Assorted Antiques.
   317 | D:1      | Gained mutation: You have a pair of small horns on your
                  | head. [potion of mutation]
   330 | D:1      | Reached skill level 1 in Stealth
   381 | D:1      | Reached XP level 3. HP: 22/22 MP: 3/3
   989 | D:2      | Noticed Sigmund
  1014 | D:1      | Reached skill level 5 in Short Blades
  1014 | D:1      | Reached XP level 4. HP: 14/27 MP: 4/4
  1377 | D:2      | Found Onyn's Jewellery Boutique.
  2120 | D:3      | Found an ancient bone altar of Kikubaaqudgha.
  2133 | D:3      | Reached XP level 5. HP: 32/32 MP: 5/5
  2315 | D:3      | Found a stormy altar of Qazlal.
  2438 | D:4      | Found a white marble altar of Elyvilon.
  2438 | D:4      | Found a glowing golden altar of the Shining One.
  2473 | D:4      | Succumbed to a scorpion's poison

Illustrated notes

Levels and vault maps discovered:
D:1:      minmay_arrival_semitransparent, layout_rooms, serial_shops,
          nicolae_shop_overgrown_old_shop, ebering_ecumenical_altar_webs,
          minmay_strange_pillars
D:2:      layout_loops_cross, serial_shops, shop_fountains,
          roderic_cross_of_infinity, corexii_item_surrounded_by_moat,
          nicolae_concentric_dashed_squares_mild, uniq_sigmund
D:3:      layout_rooms, grunt_qazlal_sundering, kiku_gazebo_pond_becter
D:4:      layout_loops_ring, lemuel_doored_altar,
          gammafunk_temple_overflow_elements, serial_shops,
          nicolae_shop_tiny_statue_garden, nicolae_half_adder

Skill      XL: |  1  2  3  4 |
---------------+-------------+-----
Stealth        | 1 2 |  2.9
Short Blades   | 5 |  5.5
Dodging        | 4 |  4.1
Fighting       | |  2.8
Throwing       | |  2.1
Armour         | |  0.6

Action                     |  1- 3 |  4- 6 || total
---------------------------+-------+-------++-------
  Melee: Rapier            |    85 |    60 ||   145
         Headbutt          |     7 |    12 ||    19
    Use: Potion            |     4 |     6 ||    10
         Scroll            |     2 |     8 ||    10
   Stab: Sleeping          |    15 |     5 ||    20
 Armour: Leather armour    |    10 |     8 ||    18
  Dodge: Dodged            |    42 |    37 ||    79
